AoeStats
← caaruizma

Oasis

509769377Analyzed
2v2 RM · 6d ago on Sep 28, 2026· 23m 35s· 4 players
Game mode
Random Map
Map size
Medium (4 player)
Population
200
Speed
Normal
Resources
Standard
Victory
Conquest
Starting age
Dark Age
Ending age
Imperial Age
RankedLock teamsTeams togetherTeam positionsShared explorationLock speedFull tech treeHidden civsTurbo modeCheats
Victory
Defeat
🇺🇸 Danes · United States
1137
+16
🇺🇸 Mongols · United States
1028
+20
🇨🇴 Turks · Colombia
1131
-18
🇨🇴 Persians · Colombia
1130
-18
Blenderdaddy
5:12 Loom
9:55 Feudal Age
15:29 Castle Age
17:12 Bloodlines
23:27 Wheelbarrow
23:04 Double-Bit Axe
Denodin
7:29 Loom
10:04 Feudal Age
11:16 Double-Bit Axe
14:24 Horse Collar
15:18 Town Watch
19:04 Castle Age
20:18 Bow Saw
21:29 Wheelbarrow
cfosorioq
6:03 Loom
6:10 Loom
10:40 Feudal Age
16:21 Castle Age
14:40 Double-Bit Axe
19:19 Wheelbarrow
caaruizma
11:17 Feudal Age
15:08 Castle Age
15:43 Double-Bit Axe
Connection lost

Rejoining the realm…

Still unreachable

The connection could not be restored.

Session expired

The server has moved on; the page needs a fresh start.